 Dungeon Crawl Stone Soup version 0.25-a0-290-g4a1327ee3a (webtiles) character file.

Game seed: 15233775396503213596, levelgen mode: classic

80 Borgoz the Skirmisher (level 4, -1/29 HPs)
             Began as a Kobold Fighter on Dec 15, 2019.
             Slain by Crazy Yiuf
             ... wielding a +3 quarterstaff of chaos
              (4 damage)
             ... on level 2 of the Dungeon.
             The game lasted 00:01:34 (1734 turns).

Borgoz the Skirmisher (Kobold Fighter)              Turns: 1734, Time: 00:01:34

Health: -1/29      AC:  6    Str: 14    XL:     4   Next: 65%
Magic:  4/4        EV:  9    Int:  9    God:
Gold:   60         SH:  9    Dex: 14    Spells: 3/3 levels left

rFire    . . .     SeeInvis .   n - +0 short sword (flame)
rCold    . . .     Gourm    .   c - +0 shield
rNeg     . . .     Faith    .   b - +0 scale mail
rPois    .         Spirit   .   (no helmet)
rElec    .         Reflect  .   (no cloak)
rCorr    .         Harm     .   (no gloves)
MR       .....                  (no boots)
Stlth    ..........             (no amulet)
HPRegen  0.09/turn              (no ring)
MPRegen  0.09/turn              (no ring)

@: no status effects
A: small, carnivore
a: no special abilities


You were on level 2 of the Dungeon.
You were completely stuffed.

You visited 1 branch of the dungeon, and saw 2 of its levels.

You collected 60 gold pieces.

Inventory:

Hand Weapons
 a - a +0 rapier
 n - a +0 short sword of flaming (weapon)
Armour
 b - a +0 scale mail (worn)
 c - a +0 shield (worn)
Scrolls
 g - a scroll of fear {unknown}
 h - a scroll of enchant armour {unknown}
 i - 2 scrolls of amnesia {unknown}
 m - 4 scrolls of identify {unknown}
 o - a scroll of enchant weapon {unknown}
Potions
 d - a potion of might
 e - a potion of mutation {unknown}
 j - a potion of ambrosia {unknown}
 l - a potion of resistance {unknown}
 p - a potion of magic {unknown}
 q - a potion of haste {unknown}
Comestibles
 f - 3 rations


   Skills:
 + Level 3.9 Fighting
 + Level 3.6 Short Blades
 + Level 2.8 Armour
 + Level 1.8 Dodging
 + Level 2.8 Shields


You had 3 spell levels left.
You didn't know any spells.
Your spell library was empty.

Dungeon Overview and Level Annotations

Branches:
Dungeon (2/15)

Altars:

Annotations:
D:2 Crazy Yiuf


Innate Abilities, Weirdness & Mutations

You are small and have problems with some larger weapons.
You are carnivorous and can eat meat at any time.


Message History

You closely miss Crazy Yiuf.
Crazy Yiuf is heavily wounded.
You block Crazy Yiuf's attack.
Okay, then.
You hit Crazy Yiuf but do no damage.
Crazy Yiuf is heavily wounded.
Crazy Yiuf barely misses you.
You hit Crazy Yiuf. You burn Crazy Yiuf.
Crazy Yiuf is severely wounded.
Crazy Yiuf hits you with a +3 quarterstaff of chaos!
* * * LOW HITPOINT WARNING * * *
You are lethally poisoned!
Unknown command.
It was a potion of curing.
You feel better. You block Crazy Yiuf's attack.
Your shield prevents you from hitting Crazy Yiuf.
Crazy Yiuf is severely wounded.
Crazy Yiuf hits you with a +3 quarterstaff of chaos!
* * * LOW HITPOINT WARNING * * *
Crazy Yiuf burns you.
You die...

♣♣♣♣♣### ###
♣♣♣.♣....##
#...#♣..♣......##
#...g@♣♣♣♣......#
#)..#♣♣ ♣♣.....# ###
### ♣♣##..# ..# #.##
..# #### #.# ..#
#..########## ##.#
#######...........###
#..#
#..........<......#
##.##
#...........#####.#
#..#


You could see Crazy Yiuf.

Vanquished Creatures
  Jessica (D:2)
  A worm (D:2)
  4 dart slugs
  2 leopard geckos (D:1)
  3 bats (D:1)
  A giant cockroach (D:1)
  4 hobgoblins
  4 jackals (D:2)
  5 kobolds
  A frilled lizard (D:1)
  7 goblins
  6 rats
39 creatures vanquished.

Notes
Turn   | Place    | Note
-------+----------+-------------------------------------------
     0 | D:1      | Borgoz the Kobold Fighter began the quest for the Orb.
     0 | D:1      | Reached XP level 1. HP: 14/14 MP: 1/1
   136 | D:1      | Reached XP level 2. HP: 18/19 MP: 2/2
   201 | D:1      | Reached skill level 1 in Dodging
   385 | D:1      | Reached XP level 3. HP: 23/23 MP: 3/3
  1316 | D:2      | Reached XP level 4. HP: 29/29 MP: 4/4
  1439 | D:2      | Noticed Jessica
  1449 | D:2      | Killed Jessica
  1719 | D:2      | Found a runed translucent door.
  1720 | D:2      | Noticed Crazy Yiuf
  1734 | D:2      | Slain by Crazy Yiuf

Levels and vault maps discovered:
D:1:      giann_bridges, layout_basic, st_stairs_9
D:2:      layout_basic, uniq_crazy_yiuf_cottage, uniq_jessica

Skill      XL: |  1  2 |
---------------+-------+-----
Short Blades   | 3 |  3.6
Dodging        | 1 |  1.8
Fighting       | |  3.9
Armour         | |  2.8
Shields        | |  2.8

Action                   |  1- 3 |  4- 6 || total
-------------------------+-------+-------++-------
Melee: Rapier            |    64 |       ||    64
       Short sword       |    49 |    24 ||    73
  Use: Potion            |       |     1 ||     1
  Eat: Chunk             |    10 |     1 ||    11
Armor: Scale mail        |    39 |     1 ||    40
Dodge: Dodged            |    51 |     3 ||    54
Block: Shield            |    50 |     8 ||    58

Table legend:
 A = Non-vault XP
 B = Vault XP
 C = Vault XP percentage of total XP
 D = Non-vault monster count
 E = Vault monster count
 F = Vault count percentage of total count
                 A         B        C        D         E       F
            +---------+---------+-------+---------+---------+-------
      Total |      73 |      42 |  36.5 |      36 |       3 |   7.7
            +---------+---------+-------+---------+---------+-------
        D:1 |      34 |       5 |  12.8 |      18 |       2 |  10.0
        D:2 |      39 |      37 |  48.7 |      18 |       1 |   5.3
            +---------+---------+-------+---------+---------+-------
